 Dungeon Crawl Stone Soup version 0.19.4-12-gccf7e64 (webtiles) character file.

65 Eitelfritz the Conjurer (level 3, -8/27 HPs)
             Began as a Draconian Conjurer on Feb 28, 2017.
             Mangled by a big kobold
             ... wielding a +0 whip of electrocution
              (12 damage)
             ... on level 2 of the Dungeon.
             The game lasted 00:09:59 (2187 turns).

Eitelfritz the Conjurer (Draconian Conjurer)        Turns: 2187, Time: 00:10:00

Health: -8/27      AC:  5    Str: 10    XL:     3   Next: 94%
Magic:  0/6        EV: 12    Int: 16    God:
Gold:   93         SH:  0    Dex: 11    Spells: 1 memorised, 5 levels left

rFire  . . .     SeeInvis .     m - staff of cold
rCold  + . .     Gourm    .     (armour unavailable)
rNeg   . . .     Faith    .     (no shield)
rPois  .         Spirit   .     (helmet restricted)
rElec  .         Reflect  .     (no cloak)
rCorr  .         Harm     .     (no gloves)
MR     .....                    (no boots)
Stlth  ++........               (no amulet)
                                (no ring)
                                (no ring)

@: no status effects
A: unfitting armour, cold-blooded, AC +5
a: no special abilities


You were on level 2 of the Dungeon.
You were not hungry.

You visited 1 branch of the dungeon, and saw 3 of its levels.

You collected 93 gold pieces.

Inventory:

Magical Staves
 m - an uncursed staff of cold (weapon)
Wands
 j - a wand of iceblast (7/15)
Scrolls
 c - 4 scrolls of identify {unknown}
 d - a scroll of enchant armour {unknown}
 f - a scroll of teleportation {unknown}
 i - a scroll of immolation {unknown}
 n - a scroll of remove curse {unknown}
Potions
 e - a potion of heal wounds {unknown}
 g - a potion of lignification {unknown}
 h - a potion of mutation {unknown}
Books
 a - a book of Conjurations

   Spells                             Type                      Level
   a - Magic Dart                     Conjuration                  1
   b - Searing Ray                    Conjuration                  2
   c - Dazzling Spray                 Conjuration/Hexes            3
   d - Fulminant Prism                Conjuration/Hexes            4
   e - Iskenderun's Mystic Blast      Conjuration                  4
   f - Iskenderun's Battlesphere      Conjuration/Charms           5
Comestibles
 b - 2 bread rations
 k - a slice of pizza
 l - 2 chunks of flesh


   Skills:
 + Level 0.4 Fighting
 + Level 2.2 Dodging
 + Level 2.1 Stealth
 + Level 1.2 Unarmed Combat
 + Level 2.3 Spellcasting
 + Level 4.5 Conjurations


You had 5 spell levels left.
You knew the following spells:

 Your Spells              Type           Power        Failure   Level  Hunger
a - Magic Dart            Conj           ###.         3%          1    #......


Dungeon Overview and Level Annotations

Branches:
Dungeon (3/15)

Altars:


Innate Abilities, Weirdness & Mutations

Your plain brown scales are hard. (AC +5)
You cannot fit into any form of body armour.
You are cold-blooded and may be slowed by cold attacks.


Message History

The big kobold barely misses you.
Casting: Magic Dart
Confirm with . or Enter, or press ? or * to list all spells.
Aiming: Magic Dart
Press: ? - help, Shift-Dir - straight line, f/p - big kobold
Aim: a big kobold, wielding a whip of electrocution (moderately wounded)
The magic dart hits the big kobold.
The big kobold is heavily wounded.
The big kobold closely misses you.
Casting: Magic Dart
Confirm with . or Enter, or press ? or * to list all spells.
Aiming: Magic Dart
Press: ? - help, Shift-Dir - straight line, f/p - big kobold
Aim: a big kobold, wielding a whip of electrocution (heavily wounded)
The magic dart hits the big kobold.
The big kobold is severely wounded.
The big kobold hits you with a whip of electrocution.
* * * LOW HITPOINT WARNING * * *
You are electrocuted!
You die...

###
#.###############
#...............#
#.#############.#
#.# #.# #.# #.#
#.# #######.# #.#
#....@K.# #.#
#.####### #.# #.#
#.# #.# #.# #.#
#.#######.# #
#.#.......#
#.##.#.#######
...%.#.#


You could see a big kobold.

Vanquished Creatures
  Ijyb (D:2)
  2 leopard geckos
  A ball python (D:1)
  5 goblins
  9 hobgoblins
  8 kobolds
  8 bats
  A frilled lizard (D:1)
  A rat (D:1)
36 creatures vanquished.

Notes
Turn   | Place    | Note
-------+----------+-------------------------------------------
     0 | D:1      | Eitelfritz the Draconian Conjurer began the quest for the Orb.
     0 | D:1      | Reached XP level 1. HP: 14/14 MP: 3/3
   733 | D:1      | Reached XP level 2. HP: 11/20 MP: 0/5
  1828 | D:2      | Reached XP level 3. HP: 26/26 MP: 2/6
  1879 | D:2      | Noticed Ijyb
  1903 | D:2      | Killed Ijyb
  1903 | D:2      | Reached skill level 1 in Unarmed Combat
  2144 | D:3      | Noticed a big kobold
  2187 | D:2      | Mangled by a big kobold

Skill      XL: |  1  2  3 |
---------------+----------+-----
Dodging        | 2 |  2.2
Stealth        | 2 |  2.1
Unarmed Combat | 1 |  1.2
Fighting       | |  0.4
Spellcasting   | |  2.3
Conjurations   | |  4.5

Action                   || total
-------------------------++-------
Melee: Unarmed           ||    76
       Tailslap          ||     4
       Staff             ||    14
 Cast: Magic Dart        ||    79
  Eat: Chunk             ||     5
Armor: Skin              ||    19
Dodge: Dodged            ||    65
